 Dungeon Crawl Stone Soup version 0.20-a0-870-g4070442 (console) character file.

203 hittembot the Shield-Bearer (level 5, 0/46 HPs)
             Began as a Minotaur Fighter on Mar 13, 2017.
             Slain by Sigmund
             ... wielding a +0 scythe
              (1 damage)
             ... on level 3 of the Dungeon.
             The game lasted 00:01:28 (2514 turns).

hittembot the Shield-Bearer (Minotaur Fighter)      Turns: 2514, Time: 00:01:29

Health: 0/46       AC:  7    Str: 21    XL:     5   Next: 51%
Magic:  4/4        EV:  8    Int:  5    God:
Gold:   76         SH:  9    Dex: 10    Spells: 4/4 levels left

rFire    . . .     SeeInvis .   a - +0 war axe
rCold    . . .     Gourm    .   b - +0 scale mail
rNeg     . . .     Faith    .   c - +0 shield
rPois    .         Spirit   .   (helmet restricted)
rElec    .         Reflect  .   (no cloak)
rCorr    .         Harm     .   (no gloves)
MR       .....                  (no boots)
Stlth    ..........             (no amulet)
Regen    0.2/turn               (no ring)
MPRegen  0.1/turn               (no ring)

@: no status effects
A: retaliatory headbutt, horns 2
a: no special abilities


You were on level 3 of the Dungeon.
You were not hungry.

You visited 1 branch of the dungeon, and saw 3 of its levels.

You collected 76 gold pieces.

Inventory:

Hand Weapons
 a - a +0 war axe (weapon)
Armour
 b - a +0 scale mail (worn)
 c - a +0 shield (worn)
Scrolls
 g - 4 scrolls of identify {unknown}
 h - a scroll of teleportation {unknown}
 i - a scroll of enchant armour {unknown}
 l - a scroll of immolation {unknown}
 q - a scroll of magic mapping {unknown}
Potions
 d - a potion of might
 e - a potion of brilliance {unknown}
 j - a potion of agility
 k - a potion of cancellation {unknown}
 m - a potion of heal wounds {unknown}
 o - 2 potions of mutation {unknown}
 p - 2 potions of curing {unknown}
Comestibles
 f - 3 bread rations
 n - 2 fruits


   Skills:
 + Level 4.2 Fighting
 + Level 4.6 Axes
 + Level 4.7 Armour
 + Level 1.0 Dodging
 + Level 4.8 Shields


You had 4 spell levels left.
You didn't know any spells.

Dungeon Overview and Level Annotations

Branches:
Dungeon (3/15)

Altars:
Nemelex Xobeh

Annotations:
D:3 Sigmund


Innate Abilities, Weirdness & Mutations

You reflexively headbutt those who attack you in melee.
You have a pair of horns on your head.


Message History

You closely miss the giant cockroach. Something hits you!
* * * LOW HITPOINT WARNING * * *
The giant cockroach bites you but does no damage.
You slash the giant cockroach!
You kill the giant cockroach!
Something hits you!
* * * LOW HITPOINT WARNING * * *
No target in view!
No target in view!
You start resting.
Something hits you.
* * * LOW HITPOINT WARNING * * *
A rat comes into view.
A rat is nearby!
A rat is nearby!
You barely miss something. Something hits you but does no damage.
You slash something! Something hits you but does no damage.
You miss something. You headbutt something! Something hits you.
* * * LOW HITPOINT WARNING * * *
You hit something. Something hits you.
You die...

#.....##### #. ..
........... .
.#.#.###......
.###.#.#.# #..####
......#.# #..####
....#.#.# #..<...
#.#####...#.#.# #..####
#...r{))# #.#.# #..##
#@.###.#.# #...#
#.†......# #.#.##
#...####.###.#..##
......................
.............#...##..#
$........#.....(#####.#
#####.####.###### #.#
?. .... #.# ##. ### ##
#..


You could see a rat.

Vanquished Creatures
  A bullfrog (D:3)
  Robin (D:2)
  3 gnolls (D:3)
  2 adders
  2 worms (D:3)
  A dart slug (D:1)
  4 leopard geckos
  An orc (D:3)
  A ball python (D:2)
  8 bats
  2 giant cockroaches
  8 goblins
  16 hobgoblins
  4 jackals (D:2)
  6 kobolds
  2 frilled lizards
  4 rats
66 creatures vanquished.

Notes
Turn   | Place    | Note
-------+----------+-------------------------------------------
     0 | D:1      | hittembot the Minotaur Fighter began the quest for the Orb.
     0 | D:1      | Reached XP level 1. HP: 19/19 MP: 0/0
   206 | D:1      | Reached XP level 2. HP: 27/27 MP: 1/1
   460 | D:2      | Noticed Robin
   467 | D:2      | Killed Robin
   467 | D:2      | Reached XP level 3. HP: 30/33 MP: 2/2
  1118 | D:2      | Found a sparkling altar of Nemelex Xobeh.
  1168 | D:2      | Reached XP level 4. HP: 40/40 MP: 3/3
  2245 | D:3      | Noticed a bullfrog
  2253 | D:3      | Killed a bullfrog
  2253 | D:3      | Reached XP level 5. HP: 30/46 MP: 4/4
  2498 | D:3      | Noticed Sigmund
  2503 | D:3      | Reached skill level 1 in Dodging
  2513 | D:3      | HP: 1/46 [something (4)]
  2514 | D:3      | Slain by Sigmund

Vault maps used:
D:1:      doesnt_arrival_goblin_jail, minmay_pentomino_v2
D:2:      nemelex_altar_shiori, first_bread, uniq_robin
D:3:      uniq_sigmund

Skill      XL: |  1  2  3  4  5 |
---------------+----------------+-----
Armour         | 4 |  4.7
Shields        | 4 |  4.8
Fighting       | 4 |  4.2
Axes           | 3 4 |  4.6
Dodging        | 1 |  1.0

Action                   |  1- 3 |  4- 6 || total
-------------------------+-------+-------++-------
Melee: War axe           |    73 |    82 ||   155
       Headbutt          |     7 |    13 ||    20
  Eat: Chunk             |       |     5 ||     5
Armor: Scale mail        |    24 |    39 ||    63
Dodge: Dodged            |    25 |    28 ||    53
Block: Shield            |    45 |    50 ||    95
